Kings vs Canucks
Created - 4 décembre 2012 at 18:43
Goals
|
| Kings |
0 |
1 |
1 |
2 |
| Canucks |
0 |
0 |
3 |
3 |
|
Shots
|
| Kings |
5 |
10 |
5 |
20 |
| Canucks |
5 |
11 |
16 |
32 |
|
1st period
No Goal
Penalties :
Derian Hatcher (Van) for Roughing (Minor) at 2:39, Bryan McCabe (LAK) for Slashing (Minor) at 6:42, Dustin Brown (LAK) for Holding (Minor) at 11:34, Mark Streit (Van) for Roughing (Minor) at 18:05
2nd period
1. Kings , Alexei Morozov 5 (Anze Kopitar) at 13:32
Penalties :
Keith Tkachuk (Van) for Interference (Minor) at 0:17, Alexei Morozov (LAK) for Holding (Minor) at 0:17, Rick Nash (LAK) for Cross-checking (Minor) at 11:30
3rd period
2. Canucks , Fabian Brunnstrom 8 (David Jones, Mark Streit) at 7:56 (PP)
3. Kings , Anze Kopitar 4 (Nicklas Lidstrom) at 10:33
4. Canucks , Matt Stajan 2 (Keith Tkachuk) at 18:55
5. Canucks , Rickard Wallin 1 (Daniel Paille) at 19:01
Penalties :
Rick Nash (LAK) for Holding (Minor) at 1:10, Mike Ricci (LAK) for Interference (Minor) at 6:17, Anze Kopitar (LAK) for Hooking (Minor) at 8:07, Dustin Brown (LAK) for Charging (Minor) at 16:32
Goalie Stats
Jimmy Howard (LAK), 29 saves from 32 shots - (0,906), L, 4-3-0, 60:00 minutes
Carey Price (Van), 18 saves from 20 shots - (0,900), W, 4-2-2, 60:00 minutes
Players Stats for Kings
Player Name G A P +/- PIM S H SB GA TA FO MP PP MP PK MP
------------------------------------------------------------------------------------
Alexei Morozov 1 0 1 0 2 5 1 0 0 0 0/0 16:43 2:13 0:00
Anton Volchenkov 0 0 0 -1 0 1 0 1 0 0 0/0 16:47 0:00 8:07
Anze Kopitar 1 1 2 2 2 3 2 1 2 1 14/28 20:09 2:13 1:48
Blake Wheeler 0 0 0 -1 0 1 1 0 0 0 9/13 18:27 1:45 7:38
Braydon Coburn 0 0 0 1 0 1 1 3 1 0 0/0 19:00 0:00 5:26
Bryan McCabe 0 0 0 1 2 1 1 0 1 0 0/0 16:31 1:25 0:00
Darcy Hordichuk 0 0 0 0 0 1 0 0 0 0 0/0 13:22 0:00 7:30
Derek Boogaard 0 0 0 0 0 2 1 0 0 0 0/0 13:52 0:00 1:21
Dustin Brown 0 0 0 0 4 0 0 0 0 0 0/0 13:19 1:45 0:00
Erik Cole 0 0 0 -1 0 0 3 0 1 0 0/0 13:17 0:00 4:22
Francis Bouillon 0 0 0 0 0 0 2 3 1 0 0/0 20:05 1:25 8:07
Matthew Barnaby 0 0 0 0 0 0 0 0 0 0 0/0 4:58 0:00 0:00
Mike Ricci 0 0 0 0 2 0 1 0 0 0 1/6 9:21 0:00 0:05
Nicklas Lidstrom 0 1 1 0 0 3 1 3 1 1 0/0 26:50 2:33 5:26
Nik Antropov 0 0 0 -1 0 1 3 2 0 0 7/10 13:44 1:45 0:00
Randy Robitaille 0 0 0 0 0 0 0 1 0 0 2/4 9:22 0:00 4:22
Rick Nash 0 0 0 1 4 0 1 0 0 0 0/0 17:38 2:13 0:00
Ryan Whitney 0 0 0 -1 0 1 2 1 0 1 0/0 20:55 2:33 0:00
Players Stats for Canucks
Player Name G A P +/- PIM S H SB GA TA FO MP PP MP PK MP
------------------------------------------------------------------------------------
Chris Campoli 0 0 0 1 0 0 0 0 0 0 0/0 10:47 0:00 2:29
Craig Rivet 0 0 0 -1 0 1 0 2 1 0 0/0 21:53 5:14 2:08
Daniel Paille 0 1 1 0 0 1 0 0 0 0 0/0 10:30 0:00 0:30
David Jones 0 1 1 -1 0 1 1 0 0 0 0/0 16:19 5:54 0:00
Derian Hatcher 0 0 0 -1 2 0 3 0 0 1 0/0 20:33 5:14 0:49
Erik Christensen 0 0 0 0 0 2 1 0 0 0 0/1 6:46 0:00 0:30
Fabian Brunnstrom 1 0 1 -1 0 6 1 0 0 1 0/1 16:25 5:54 0:00
Jeff Woywitka 0 0 0 1 0 0 0 0 0 0 0/0 8:02 0:00 0:00
Jiri Hudler 0 0 0 -1 0 2 2 1 0 0 6/12 17:35 5:54 1:13
Jonas Hoglund 0 0 0 1 0 3 2 4 0 1 4/9 25:45 7:30 2:15
Keith Tkachuk 0 1 1 1 2 2 2 1 0 2 1/3 25:37 7:30 2:15
Mark Streit 0 1 1 0 2 2 2 1 1 0 0/0 28:54 8:19 0:40
Matt Stajan 1 0 1 1 0 5 2 0 0 0 14/31 23:24 7:21 1:13
Nikolai Zherdev 0 0 0 0 0 0 0 0 0 0 0/0 5:52 0:06 0:00
Rickard Wallin 1 0 1 0 0 1 0 0 0 0 3/4 10:16 0:09 0:00
Robert Klinkhammer 0 0 0 0 0 0 0 0 0 0 0/0 5:31 0:00 0:00
Scott Niedermayer 0 0 0 0 0 6 2 4 1 1 0/0 30:05 8:19 1:50
Sheldon Keefe 0 0 0 0 0 0 2 2 0 1 0/0 9:46 0:21 0:00
3 Stars
1 - Anze Kopitar (LAK)
2 - Matt Stajan (Van)
3 - Rickard Wallin (Van)
Power Play
Kings - 0 on 2 Attempt(s) - 0,00%
Canucks - 1 on 7 Attempt(s) - 14,29%
Penalty Kill
Kings - 6 on 7 Attempt(s) - 85,71%
- Score 0 goal in Penalty Kill
Canucks - 2 on 2 Attempt(s) - 100,00%
- Score 0 goal in Penalty Kill
Official
Referees : Devorski Paul and L'Ecuyer Frederick
Linesman : Derek Amell and Brad Lazarowich
Game Notes
No Game Note
Finance
Level 1 -- Attendance: 4501 (75,02%) -- Ticket Income 445 599 $
Level 2 -- Attendance: 5000 (100,00%) -- Ticket Income 260 000 $
Level 3 -- Attendance: 1878 (93,90%) -- Ticket Income 56 340 $
Level 4 -- Attendance: 3605 (90,13%) -- Ticket Income 61 285 $
Luxury Box -- Attendance: 1000 (100,00%) -- Ticket Income 100 000 $
Game was played at the Budweiser Coliseum
Total Attendance: 15984 (88,80%)
Total Ticket Income: 923 224 $
Total Income: 923 224 $
Kings
5 vs 5 Forward
Center Left Wing Right Wing Time % Phy DF OF
1 Anze Kopitar Rick Nash Alexei Morozov 40 0 1 4
2 Nik Antropov Derek Boogaard Dustin Brown 35 1 1 3
3 Mike Ricci Erik Cole Blake Wheeler 20 1 2 2
4 Randy Robitaille Darcy Hordichuk Matthew Barnaby 5 1 2 2
5 vs 5 Defense
Defense Defense Time % Phy DF OF
1 Nicklas Lidstrom Ryan Whitney 40 0 2 3
2 Braydon Coburn Bryan McCabe 30 0 2 3
3 Anton Volchenkov Francis Bouillon 20 1 2 2
4 Bryan McCabe Francis Bouillon 10 1 2 2
PowerPlay Forward
Center Left Wing Right Wing Time % Phy DF OF
1 Anze Kopitar Rick Nash Alexei Morozov 60 0 1 4
2 Nik Antropov Dustin Brown Blake Wheeler 40 0 1 4
PowerPlay Defense
Defense Defense Time % Phy DF OF
1 Nicklas Lidstrom Ryan Whitney 60 0 2 3
2 Francis Bouillon Bryan McCabe 40 0 2 3
Penalty Kill 4 Players Forward
Center Wing Time % Phy DF OF
1 Blake Wheeler Darcy Hordichuk 60 1 3 1
2 Randy Robitaille Erik Cole 40 1 3 1
Penalty Kill 4 Players Defense
Defense Defense Time % Phy DF OF
1 Francis Bouillon Anton Volchenkov 60 0 3 2
2 Braydon Coburn Nicklas Lidstrom 40 0 3 2
Penalty Kill - 3 Players Forward
Forward Time % Phy DF OF
1 Nik Antropov 60 1 3 1
2 Randy Robitaille 40 1 3 1
Penalty Kill - 3 Players Defense
Defense Defense Time % Phy DF OF
1 Nicklas Lidstrom Braydon Coburn 60 1 3 1
2 Anton Volchenkov Francis Bouillon 40 1 3 1
4 vs 4 Forward
Center Wing Time % Phy DF OF
1 Anze Kopitar Rick Nash 60 1 2 2
2 Nik Antropov Alexei Morozov 40 1 2 2
4 vs 4 Defense
Defense Defense Time % Phy DF OF
1 Nicklas Lidstrom Ryan Whitney 60 1 2 2
2 Francis Bouillon Bryan McCabe 40 1 2 2
Last Minutes Offensive
Center Left Wing Right Wing Defense Defense
Anze Kopitar Rick Nash Alexei Morozov Nicklas Lidstrom Ryan Whitney
Last Minutes Defensive
Center Left Wing Right Wing Defense Defense
Nik Antropov Darcy Hordichuk Blake Wheeler Braydon Coburn Anton Volchenkov
Goaltenders
Starting : Jimmy Howard
Backup : Kevin Weekes
Extra Forwards
Normal : Anze Kopitar, Derek Boogaard, Darcy Hordichuk - PP : Erik Cole, Derek Boogaard - PK : Anze Kopitar
Extra Defensemen
Normal : Anton Volchenkov, Braydon Coburn, Francis Bouillon - PP : Anton Volchenkov - PK : Bryan McCabe, Ryan Whitney
Penalty Shots
Alexei Morozov, Rick Nash, Anze Kopitar, Nik Antropov, Nicklas Lidstrom
Canucks
5 vs 5 Forward
Center Left Wing Right Wing Time % Phy DF OF
1 Matt Stajan Keith Tkachuk Jonas Hoglund 40 1 2 2
2 Jiri Hudler Fabian Brunnstrom David Jones 30 1 2 2
3 Rickard Wallin Daniel Paille Sheldon Keefe 20 1 2 2
4 Erik Christensen Robert Klinkhammer Nikolai Zherdev 10 1 2 2
5 vs 5 Defense
Defense Defense Time % Phy DF OF
1 Scott Niedermayer Mark Streit 40 1 2 2
2 Derian Hatcher Craig Rivet 30 1 2 2
3 Jeff Woywitka Chris Campoli 20 1 2 2
4 Scott Niedermayer Mark Streit 10 1 2 2
PowerPlay Forward
Center Left Wing Right Wing Time % Phy DF OF
1 Matt Stajan Keith Tkachuk Jonas Hoglund 60 1 2 2
2 Jiri Hudler Fabian Brunnstrom David Jones 40 1 2 2
PowerPlay Defense
Defense Defense Time % Phy DF OF
1 Scott Niedermayer Mark Streit 60 1 2 2
2 Derian Hatcher Craig Rivet 40 1 2 2
Penalty Kill 4 Players Forward
Center Wing Time % Phy DF OF
1 Jonas Hoglund Keith Tkachuk 60 1 2 2
2 Matt Stajan Jiri Hudler 40 1 2 2
Penalty Kill 4 Players Defense
Defense Defense Time % Phy DF OF
1 Scott Niedermayer Mark Streit 60 1 2 2
2 Derian Hatcher Craig Rivet 40 1 2 2
Penalty Kill - 3 Players Forward
Forward Time % Phy DF OF
1 Jonas Hoglund 60 1 2 2
2 Keith Tkachuk 40 1 2 2
Penalty Kill - 3 Players Defense
Defense Defense Time % Phy DF OF
1 Scott Niedermayer Mark Streit 60 1 2 2
2 Derian Hatcher Craig Rivet 40 1 2 2
4 vs 4 Forward
Center Wing Time % Phy DF OF
1 Jonas Hoglund Keith Tkachuk 60 1 2 2
2 Matt Stajan Jiri Hudler 40 1 2 2
4 vs 4 Defense
Defense Defense Time % Phy DF OF
1 Scott Niedermayer Mark Streit 60 1 2 2
2 Derian Hatcher Craig Rivet 40 1 2 2
Last Minutes Offensive
Center Left Wing Right Wing Defense Defense
Matt Stajan Keith Tkachuk Jonas Hoglund Scott Niedermayer Mark Streit
Last Minutes Defensive
Center Left Wing Right Wing Defense Defense
Matt Stajan Keith Tkachuk Jonas Hoglund Scott Niedermayer Mark Streit
Goaltenders
Starting : Carey Price
Backup : Mike McKenna
Extra Forwards
Normal : Sheldon Keefe, Rickard Wallin, Erik Christensen - PP : Sheldon Keefe, Rickard Wallin - PK : Erik Christensen
Extra Defensemen
Normal : Jeff Woywitka, Chris Campoli, Derian Hatcher - PP : Jeff Woywitka - PK : Chris Campoli, Derian Hatcher
Penalty Shots
Jonas Hoglund, Keith Tkachuk, Matt Stajan, Jiri Hudler, David Jones
% Time on Ice - Kings
Lines # - Real PCT - Wanted PCT - Time Play
Normal Forward
1 - 36% - 40% - 14:21
2 - 29% - 35% - 11:21
3 - 22% - 20% - 8:44
4 - 13% - 5% - 4:58
Normal Defense
1 - 44% - 40% - 17:24
2 - 33% - 30% - 12:53
3 - 18% - 20% - 7:16
4 - 5% - 10% - 1:51
PP Forward
1 - 56% - 60% - 2:13
2 - 44% - 40% - 1:45
PP Defense
1 - 64% - 60% - 2:33
2 - 36% - 40% - 1:25
PK Forward
1 - 68% - 60% - 9:11
2 - 32% - 40% - 4:22
PK Defense
1 - 60% - 60% - 8:07
2 - 40% - 40% - 5:26
PK3 Forward
1 - 0% - 60%
2 - 0% - 40%
PK3 Defense
1 - 0% - 60%
2 - 0% - 40%
44 Forward
1 - 73% - 60% - 1:27
2 - 27% - 40% - 0:32
44 Defense
1 - 64% - 60% - 1:16
2 - 36% - 40% - 0:43
Last Minute Offensive - 0:58
Last Minute Defensive - 0:08
Total
Forward - 60:00
Defense - 60:00
|
% Time on Ice - Canucks
Lines # - Real PCT - Wanted PCT - Time Play
Normal Forward
1 - 38% - 40% - 15:01
2 - 27% - 30% - 10:28
3 - 21% - 20% - 8:23
4 - 14% - 10% - 5:31
Normal Defense
1 - 44% - 40% - 17:25
2 - 35% - 30% - 13:49
3 - 20% - 20% - 7:53
4 - 1% - 10% - 0:16
PP Forward
1 - 56% - 60% - 7:39
2 - 44% - 40% - 5:54
PP Defense
1 - 61% - 60% - 8:19
2 - 39% - 40% - 5:14
PK Forward
1 - 69% - 60% - 2:45
2 - 31% - 40% - 1:13
PK Defense
1 - 47% - 60% - 1:53
2 - 53% - 40% - 2:05
PK3 Forward
1 - 0% - 60%
2 - 0% - 40%
PK3 Defense
1 - 0% - 60%
2 - 0% - 40%
44 Forward
1 - 100% - 60% - 1:59
2 - 0% - 40% - 0:00
44 Defense
1 - 65% - 60% - 1:17
2 - 35% - 40% - 0:42
Last Minute Offensive - 0:09
Last Minute Defensive - 0:58
Total
Forward - 60:00
Defense - 60:00
|
Play by Play
1st period
0:01 of 1st period - Anze Kopitar wins face-off versus Matt Stajan in neutral zone.
0:08 of 1st period - Snap shot by Anze Kopitar.
0:08 of 1st period - Shot Blocked by Mark Streit.
0:39 of 1st period - Slapshot by Nik Antropov.
0:39 of 1st period - Shot Blocked by Scott Niedermayer.
1:11 of 1st period - Braydon Coburn is hit by Mark Streit and loses puck.
1:18 of 1st period - Slapshot by Bryan McCabe.
1:18 of 1st period - Shot Misses the Net.
1:37 of 1st period - Icing by Keith Tkachuk.
1:38 of 1st period - Matt Stajan wins face-off versus Nik Antropov in Canucks zone.
2:03 of 1st period - Scott Niedermayer is hit by Rick Nash and loses puck.
2:34 of 1st period - Slapshot by Mark Streit.
2:34 of 1st period - Stopped by Jimmy Howard without a rebound.
2:35 of 1st period - Nik Antropov wins face-off versus Jiri Hudler in Kings zone.
2:39 of 1st period - Minor Penalty to Derian Hatcher for Roughing.
2:40 of 1st period - Anze Kopitar wins face-off versus Jonas Hoglund in Canucks zone.
2:53 of 1st period - Wrist shot by Alexei Morozov.
2:53 of 1st period - Stopped by Carey Price without a rebound.
2:54 of 1st period - Keith Tkachuk wins face-off versus Anze Kopitar in Canucks zone.
3:31 of 1st period - Wrist shot by Blake Wheeler.
3:31 of 1st period - Stopped by Carey Price with a rebound.
4:29 of 1st period - Craig Rivet is hit by Francis Bouillon and loses puck.
4:39 of 1st period - Penalty to Derian Hatcher is over, Derian Hatcher is back on ice.
4:41 of 1st period - Icing by Nik Antropov.
4:42 of 1st period - Nik Antropov wins face-off versus Rickard Wallin in Kings zone.
4:42 of 1st period - Nik Antropov is hit by Sheldon Keefe.
5:02 of 1st period - Ryan Whitney is hit by Erik Christensen and loses puck.
5:14 of 1st period - Icing by Braydon Coburn.
5:15 of 1st period - Randy Robitaille wins face-off versus Jiri Hudler in Kings zone.
5:47 of 1st period - Snap shot by Matt Stajan.
5:47 of 1st period - Shot Misses the Net.
5:49 of 1st period - Wrist shot by Keith Tkachuk.
5:49 of 1st period - Shot Blocked by Nik Antropov.
5:51 of 1st period - Slapshot by Matt Stajan.
5:51 of 1st period - Shot Misses the Net.
6:10 of 1st period - Slapshot by Scott Niedermayer.
6:10 of 1st period - Deflect By Nicklas Lidstrom.
6:10 of 1st period - Stopped by Jimmy Howard without a rebound.
6:11 of 1st period - Anze Kopitar wins face-off versus Keith Tkachuk in Kings zone.
6:20 of 1st period - Alexei Morozov is hit by Matt Stajan.
6:42 of 1st period - Minor Penalty to Bryan McCabe for Slashing.
6:43 of 1st period - Matt Stajan wins face-off versus Blake Wheeler in Kings zone.
6:48 of 1st period - Slapshot by Mark Streit.
6:48 of 1st period - Deflect By Keith Tkachuk.
6:48 of 1st period - Shot Misses the Net.
6:48 of 1st period - Puck is out of play.
6:49 of 1st period - Matt Stajan wins face-off versus Blake Wheeler in Kings zone.
7:24 of 1st period - Slapshot by Mark Streit.
7:24 of 1st period - Shot Misses the Net.
8:29 of 1st period - Mark Streit is hit by Nicklas Lidstrom and loses puck.
8:42 of 1st period - Penalty to Bryan McCabe is over, Bryan McCabe is back on ice.
8:56 of 1st period - Rickard Wallin is hit by Francis Bouillon and loses puck.
10:39 of 1st period - Scott Niedermayer is hit by Derek Boogaard.
11:04 of 1st period - Francis Bouillon is hit by Jiri Hudler and loses puck.
11:17 of 1st period - Jonas Hoglund is hit by Mike Ricci and loses puck.
11:22 of 1st period - Snap shot by Blake Wheeler.
11:22 of 1st period - Shot Misses the Net.
11:32 of 1st period - Derek Boogaard is hit by Sheldon Keefe and loses puck.
11:34 of 1st period - Minor Penalty to Dustin Brown for Holding.
11:35 of 1st period - Blake Wheeler wins face-off versus Matt Stajan in Kings zone.
13:34 of 1st period - Penalty to Dustin Brown is over, Dustin Brown is back on ice.
14:17 of 1st period - Slapshot by Scott Niedermayer.
14:17 of 1st period - Stopped by Jimmy Howard without a rebound.
14:18 of 1st period - Rickard Wallin wins face-off versus Mike Ricci in Kings zone.
14:44 of 1st period - Icing by Keith Tkachuk.
14:45 of 1st period - Nik Antropov wins face-off versus Jonas Hoglund in Canucks zone.
14:46 of 1st period - Snap shot by Dustin Brown.
14:46 of 1st period - Shot Blocked by Jonas Hoglund.
14:48 of 1st period - Slapshot by Anton Volchenkov.
14:48 of 1st period - Stopped by Carey Price with a rebound.
14:50 of 1st period - Slapshot by Anton Volchenkov.
14:50 of 1st period - Shot Blocked by Keith Tkachuk.
15:19 of 1st period - Wrist shot by Alexei Morozov.
15:19 of 1st period - Stopped by Carey Price without a rebound.
15:20 of 1st period - Matt Stajan wins face-off versus Anze Kopitar in Canucks zone.
16:48 of 1st period - Wrist shot by Rick Nash.
16:48 of 1st period - Shot Misses the Net.
16:56 of 1st period - Wrist shot by Fabian Brunnstrom.
16:56 of 1st period - Stopped by Jimmy Howard with a rebound.
17:16 of 1st period - Snap shot by Erik Christensen.
17:16 of 1st period - Stopped by Jimmy Howard with a rebound.
17:36 of 1st period - Randy Robitaille is hit by Matt Stajan.
17:48 of 1st period - Wrist shot by Rick Nash.
17:48 of 1st period - Shot Blocked by Sheldon Keefe.
17:52 of 1st period - Snap shot by Alexei Morozov.
17:52 of 1st period - Stopped by Carey Price without a rebound.
17:53 of 1st period - Anze Kopitar wins face-off versus Jiri Hudler in Canucks zone.
17:54 of 1st period - Wrist shot by Alexei Morozov.
17:54 of 1st period - Shot Misses the Net.
18:05 of 1st period - Minor Penalty to Mark Streit for Roughing.
18:06 of 1st period - Jonas Hoglund wins face-off versus Anze Kopitar in Canucks zone.
19:03 of 1st period - Nicklas Lidstrom is hit by Jonas Hoglund and loses puck.
2nd period
0:01 of 2nd period - Jonas Hoglund wins face-off versus Anze Kopitar in neutral zone.
0:04 of 2nd period - Slapshot by Scott Niedermayer.
0:04 of 2nd period - Shot Misses the Net.
0:05 of 2nd period - Penalty to Mark Streit is over, Mark Streit is back on ice.
0:17 of 2nd period - Minor Penalty to Keith Tkachuk for Interference.
0:17 of 2nd period - Minor Penalty to Alexei Morozov for Holding.
0:18 of 2nd period - Anze Kopitar wins face-off versus Jonas Hoglund in Canucks zone.
0:33 of 2nd period - Snap shot by Jonas Hoglund.
0:33 of 2nd period - Stopped by Jimmy Howard with a rebound.
1:13 of 2nd period - Wrist shot by Nik Antropov.
1:13 of 2nd period - Shot Misses the Net.
1:15 of 2nd period - Slapshot by Derek Boogaard.
1:15 of 2nd period - Stopped by Carey Price with a rebound.
1:37 of 2nd period - Ryan Whitney is hit by Mark Streit and loses puck.
2:17 of 2nd period - Penalty to Keith Tkachuk is over, Keith Tkachuk is back on ice.
2:17 of 2nd period - Penalty to Alexei Morozov is over, Alexei Morozov is back on ice.
2:24 of 2nd period - Slapshot by Bryan McCabe.
2:24 of 2nd period - Stopped by Carey Price with a rebound.
3:09 of 2nd period - Snap shot by Daniel Paille.
3:09 of 2nd period - Stopped by Jimmy Howard without a rebound.
3:10 of 2nd period - Anze Kopitar wins face-off versus Jiri Hudler in Kings zone.
3:10 of 2nd period - Anze Kopitar is hit by David Jones.
3:41 of 2nd period - Slapshot by Chris Campoli.
3:41 of 2nd period - Shot Blocked by Nicklas Lidstrom.
3:47 of 2nd period - Slapshot by Nicklas Lidstrom.
3:47 of 2nd period - Shot Misses the Net.
3:58 of 2nd period - Off-side.
3:59 of 2nd period - Matt Stajan wins face-off versus Randy Robitaille in neutral zone.
4:04 of 2nd period - Snap shot by Matt Stajan.
4:04 of 2nd period - Stopped by Jimmy Howard without a rebound.
4:05 of 2nd period - Anze Kopitar wins face-off versus Matt Stajan in Kings zone.
4:58 of 2nd period - Icing by Mark Streit.
4:59 of 2nd period - Nik Antropov wins face-off versus Jonas Hoglund in Canucks zone.
5:20 of 2nd period - Wrist shot by Jonas Hoglund.
5:20 of 2nd period - Stopped by Jimmy Howard without a rebound.
5:21 of 2nd period - Jiri Hudler wins face-off versus Mike Ricci in Kings zone.
5:28 of 2nd period - Wrist shot by Jiri Hudler.
5:28 of 2nd period - Deflect By Braydon Coburn.
5:28 of 2nd period - Stopped by Jimmy Howard without a rebound.
5:29 of 2nd period - Jiri Hudler wins face-off versus Mike Ricci in Kings zone.
5:32 of 2nd period - Snap shot by David Jones.
5:32 of 2nd period - Shot Misses the Net.
5:34 of 2nd period - Slapshot by Fabian Brunnstrom.
5:34 of 2nd period - Shot Blocked by Braydon Coburn.
5:36 of 2nd period - Slapshot by Fabian Brunnstrom.
5:36 of 2nd period - Stopped by Jimmy Howard without a rebound.
5:37 of 2nd period - Nik Antropov wins face-off versus Fabian Brunnstrom in Kings zone.
5:37 of 2nd period - Nik Antropov is hit by Jiri Hudler.
6:03 of 2nd period - Mark Streit is hit by Blake Wheeler and loses puck.
6:08 of 2nd period - Slapshot by Erik Cole.
6:08 of 2nd period - Shot Misses the Net.
6:10 of 2nd period - Snap shot by Mike Ricci.
6:10 of 2nd period - Shot Misses the Net.
6:28 of 2nd period - Jiri Hudler is hit by Bryan McCabe and loses puck.
6:33 of 2nd period - Wrist shot by Anze Kopitar.
6:33 of 2nd period - Shot Blocked by Scott Niedermayer.
6:35 of 2nd period - Snap shot by Anze Kopitar.
6:35 of 2nd period - Stopped by Carey Price with a rebound.
6:37 of 2nd period - Wrist shot by Rick Nash.
6:37 of 2nd period - Deflect By Anze Kopitar.
6:37 of 2nd period - Shot Misses the Net.
6:37 of 2nd period - Puck is out of play.
6:38 of 2nd period - Matt Stajan wins face-off versus Nik Antropov in Canucks zone.
6:38 of 2nd period - Matt Stajan is hit by Nik Antropov.
7:46 of 2nd period - Derek Boogaard is hit by Keith Tkachuk and loses puck.
8:15 of 2nd period - Mark Streit is hit by Alexei Morozov and loses puck.
8:53 of 2nd period - Snap shot by Mike Ricci.
8:53 of 2nd period - Shot Misses the Net.
8:55 of 2nd period - Wrist shot by Mike Ricci.
8:55 of 2nd period - Shot Misses the Net.
8:57 of 2nd period - Slapshot by Francis Bouillon.
8:57 of 2nd period - Shot Misses the Net.
9:47 of 2nd period - David Jones is hit by Ryan Whitney and loses puck.
10:06 of 2nd period - Snap shot by Jiri Hudler.
10:06 of 2nd period - Stopped by Jimmy Howard without a rebound.
10:07 of 2nd period - Mike Ricci wins face-off versus Matt Stajan in Kings zone.
10:12 of 2nd period - Slapshot by Francis Bouillon.
10:12 of 2nd period - Shot Blocked by Jonas Hoglund.
10:14 of 2nd period - Snap shot by Erik Cole.
10:14 of 2nd period - Shot Misses the Net.
10:16 of 2nd period - Wrist shot by Francis Bouillon.
10:16 of 2nd period - Shot Blocked by Scott Niedermayer.
10:18 of 2nd period - Wrist shot by Mike Ricci.
10:18 of 2nd period - Shot Blocked by Jonas Hoglund.
10:20 of 2nd period - Wrist shot by Erik Cole.
10:20 of 2nd period - Shot Misses the Net.
10:22 of 2nd period - Slapshot by Anton Volchenkov.
10:22 of 2nd period - Shot Misses the Net.
10:38 of 2nd period - Snap shot by Alexei Morozov.
10:38 of 2nd period - Shot Blocked by Scott Niedermayer.
11:25 of 2nd period - Snap shot by Darcy Hordichuk.
11:25 of 2nd period - Stopped by Carey Price without a rebound.
11:26 of 2nd period - Jiri Hudler wins face-off versus Anze Kopitar in Canucks zone.
11:30 of 2nd period - Minor Penalty to Rick Nash for Cross-checking.
11:31 of 2nd period - Blake Wheeler wins face-off versus Jonas Hoglund in Kings zone.
11:31 of 2nd period - Blake Wheeler is hit by Scott Niedermayer.
13:30 of 2nd period - Penalty to Rick Nash is over, Rick Nash is back on ice.
13:30 of 2nd period - Snap shot by Nicklas Lidstrom.
13:30 of 2nd period - Deflect By David Jones.
13:30 of 2nd period - Stopped by Carey Price without a rebound.
13:31 of 2nd period - Anze Kopitar wins face-off versus Jiri Hudler in Canucks zone.
13:32 of 2nd period - Snap shot by Alexei Morozov.
13:32 of 2nd period - Goal by Alexei Morozov - Kings : 1 - Canucks : 0.
13:33 of 2nd period - Anze Kopitar wins face-off versus Matt Stajan in neutral zone.
13:33 of 2nd period - Anze Kopitar is hit by Keith Tkachuk.
13:55 of 2nd period - Derian Hatcher is hit by Anze Kopitar and loses puck.
14:12 of 2nd period - Wrist shot by David Jones.
14:12 of 2nd period - Stopped by Jimmy Howard with a rebound.
14:31 of 2nd period - Snap shot by Erik Christensen.
14:31 of 2nd period - Stopped by Jimmy Howard with a rebound.
15:35 of 2nd period - Snap shot by Nicklas Lidstrom.
15:35 of 2nd period - Stopped by Carey Price with a rebound.
15:37 of 2nd period - Slapshot by Ryan Whitney.
15:37 of 2nd period - Stopped by Carey Price without a rebound.
15:38 of 2nd period - Jonas Hoglund wins face-off versus Randy Robitaille in Canucks zone.
15:51 of 2nd period - Wrist shot by Jonas Hoglund.
15:51 of 2nd period - Stopped by Jimmy Howard without a rebound.
15:52 of 2nd period - Jiri Hudler wins face-off versus Anze Kopitar in Kings zone.
16:42 of 2nd period - Snap shot by Erik Cole.
16:42 of 2nd period - Shot Misses the Net.
17:01 of 2nd period - Craig Rivet is hit by Braydon Coburn and loses puck.
17:23 of 2nd period - Snap shot by Anze Kopitar.
17:23 of 2nd period - Stopped by Carey Price without a rebound.
17:24 of 2nd period - Matt Stajan wins face-off versus Anze Kopitar in Canucks zone.
18:03 of 2nd period - Jiri Hudler is hit by Nik Antropov and loses puck.
18:46 of 2nd period - Slapshot by Keith Tkachuk.
18:46 of 2nd period - Stopped by Jimmy Howard with a rebound.
19:00 of 2nd period - Slapshot by Nikolai Zherdev.
19:00 of 2nd period - Shot Hit the Post.
19:38 of 2nd period - Snap shot by Nik Antropov.
19:38 of 2nd period - Stopped by Carey Price without a rebound.
19:39 of 2nd period - Nik Antropov wins face-off versus Matt Stajan in Canucks zone.
19:40 of 2nd period - Wrist shot by Derek Boogaard.
19:40 of 2nd period - Shot Misses the Net.
3rd period
0:01 of 3rd period - Matt Stajan wins face-off versus Anze Kopitar in neutral zone.
0:04 of 3rd period - Slapshot by Scott Niedermayer.
0:04 of 3rd period - Stopped by Jimmy Howard with a rebound.
0:16 of 3rd period - Wrist shot by Anze Kopitar.
0:16 of 3rd period - Shot Blocked by Jonas Hoglund.
0:33 of 3rd period - Snap shot by Matt Stajan.
0:33 of 3rd period - Deflect By Nicklas Lidstrom.
0:33 of 3rd period - Stopped by Jimmy Howard without a rebound.
0:34 of 3rd period - Jiri Hudler wins face-off versus Nik Antropov in Kings zone.
0:39 of 3rd period - Wrist shot by Jiri Hudler.
0:39 of 3rd period - Shot Blocked by Nik Antropov.
1:10 of 3rd period - Minor Penalty to Rick Nash for Holding.
1:11 of 3rd period - Matt Stajan wins face-off versus Blake Wheeler in Kings zone.
1:12 of 3rd period - Slapshot by Scott Niedermayer.
1:12 of 3rd period - Shot Misses the Net.
1:14 of 3rd period - Snap shot by Scott Niedermayer.
1:14 of 3rd period - Stopped by Jimmy Howard without a rebound.
1:15 of 3rd period - Blake Wheeler wins face-off versus Matt Stajan in Kings zone.
1:22 of 3rd period - Snap shot by Matt Stajan.
1:22 of 3rd period - Stopped by Jimmy Howard without a rebound.
1:23 of 3rd period - Blake Wheeler wins face-off versus Matt Stajan in Kings zone.
1:36 of 3rd period - Slapshot by Darcy Hordichuk.
1:36 of 3rd period - Shot Misses the Net.
1:54 of 3rd period - Slapshot by Scott Niedermayer.
1:54 of 3rd period - Shot Blocked by Randy Robitaille.
1:56 of 3rd period - Slapshot by Scott Niedermayer.
1:56 of 3rd period - Shot Misses the Net.
1:58 of 3rd period - Slapshot by Fabian Brunnstrom.
1:58 of 3rd period - Deflect By David Jones.
1:58 of 3rd period - Shot Blocked by Anton Volchenkov.
1:58 of 3rd period - Puck is out of play.
1:59 of 3rd period - Randy Robitaille wins face-off versus Matt Stajan in Kings zone.
2:57 of 3rd period - Snap shot by Erik Cole.
2:57 of 3rd period - Shot Misses the Net.
3:10 of 3rd period - Penalty to Rick Nash is over, Rick Nash is back on ice.
3:41 of 3rd period - Off-side.
3:42 of 3rd period - Anze Kopitar wins face-off versus Erik Christensen in neutral zone.
4:07 of 3rd period - Erik Cole is hit by Jonas Hoglund.
5:18 of 3rd period - Snap shot by Nikolai Zherdev.
5:18 of 3rd period - Shot Misses the Net.
6:17 of 3rd period - Minor Penalty to Mike Ricci for Interference.
6:18 of 3rd period - Blake Wheeler wins face-off versus Matt Stajan in Kings zone.
6:46 of 3rd period - Fabian Brunnstrom is hit by Erik Cole and loses puck.
6:55 of 3rd period - Snap shot by Scott Niedermayer.
6:55 of 3rd period - Deflect By David Jones.
6:55 of 3rd period - Shot Blocked by Braydon Coburn.
6:55 of 3rd period - Puck is out of play.
6:56 of 3rd period - Blake Wheeler wins face-off versus Matt Stajan in Kings zone.
7:19 of 3rd period - Jonas Hoglund is hit by Erik Cole and loses puck.
7:40 of 3rd period - Slapshot by Matt Stajan.
7:40 of 3rd period - Shot Misses the Net.
7:42 of 3rd period - Slapshot by Craig Rivet.
7:42 of 3rd period - Deflect By Jonas Hoglund.
7:42 of 3rd period - Shot Blocked by Braydon Coburn.
7:42 of 3rd period - Puck is out of play.
7:43 of 3rd period - Jiri Hudler wins face-off versus Blake Wheeler in Kings zone.
7:44 of 3rd period - Snap shot by Fabian Brunnstrom.
7:44 of 3rd period - Stopped by Jimmy Howard with a rebound.
7:46 of 3rd period - Slapshot by Scott Niedermayer.
7:46 of 3rd period - Stopped by Jimmy Howard with a rebound.
7:48 of 3rd period - Wrist shot by Fabian Brunnstrom.
7:48 of 3rd period - Shot Misses the Net.
7:50 of 3rd period - Slapshot by Mark Streit.
7:50 of 3rd period - Stopped by Jimmy Howard with a rebound.
7:52 of 3rd period - Wrist shot by David Jones.
7:52 of 3rd period - Shot Blocked by Nicklas Lidstrom.
7:56 of 3rd period - Snap shot by Fabian Brunnstrom.
7:56 of 3rd period - Goal by Fabian Brunnstrom - Kings : 1 - Canucks : 1.
7:57 of 3rd period - Matt Stajan wins face-off versus Anze Kopitar in neutral zone.
8:07 of 3rd period - Minor Penalty to Anze Kopitar for Hooking.
8:08 of 3rd period - Blake Wheeler wins face-off versus Matt Stajan in Kings zone.
8:43 of 3rd period - Wrist shot by Fabian Brunnstrom.
8:43 of 3rd period - Stopped by Jimmy Howard without a rebound.
8:44 of 3rd period - Blake Wheeler wins face-off versus Matt Stajan in Kings zone.
10:07 of 3rd period - Penalty to Anze Kopitar is over, Anze Kopitar is back on ice.
10:09 of 3rd period - Snap shot by Anze Kopitar.
10:09 of 3rd period - Shot Blocked by Jiri Hudler.
10:11 of 3rd period - Slapshot by Braydon Coburn.
10:11 of 3rd period - Deflect By Derian Hatcher.
10:11 of 3rd period - Stopped by Carey Price with a rebound.
10:13 of 3rd period - Wrist shot by Derek Boogaard.
10:13 of 3rd period - Stopped by Carey Price with a rebound.
10:33 of 3rd period - Snap shot by Anze Kopitar.
10:33 of 3rd period - Goal by Anze Kopitar - Kings : 2 - Canucks : 1.
10:34 of 3rd period - Matt Stajan wins face-off versus Anze Kopitar in neutral zone.
11:27 of 3rd period - Slapshot by Scott Niedermayer.
11:27 of 3rd period - Shot Blocked by Francis Bouillon.
11:31 of 3rd period - Snap shot by Fabian Brunnstrom.
11:31 of 3rd period - Stopped by Jimmy Howard without a rebound.
11:32 of 3rd period - Anze Kopitar wins face-off versus Matt Stajan in Kings zone.
11:36 of 3rd period - Off-side.
11:37 of 3rd period - Anze Kopitar wins face-off versus Matt Stajan in neutral zone.
11:40 of 3rd period - Wrist shot by Nicklas Lidstrom.
11:40 of 3rd period - Shot Blocked by Craig Rivet.
11:42 of 3rd period - Snap shot by Rick Nash.
11:42 of 3rd period - Deflect By Alexei Morozov.
11:42 of 3rd period - Shot Blocked by Craig Rivet.
11:42 of 3rd period - Puck is out of play.
11:43 of 3rd period - Matt Stajan wins face-off versus Anze Kopitar in Canucks zone.
11:54 of 3rd period - Slapshot by Nicklas Lidstrom.
11:54 of 3rd period - Stopped by Carey Price without a rebound.
11:55 of 3rd period - Matt Stajan wins face-off versus Anze Kopitar in Canucks zone.
12:20 of 3rd period - Ryan Whitney is hit by Fabian Brunnstrom and loses puck.
13:21 of 3rd period - Bryan McCabe is hit by Derian Hatcher and loses puck.
13:46 of 3rd period - Derek Boogaard is hit by Derian Hatcher.
13:58 of 3rd period - David Jones is hit by Erik Cole and loses puck.
14:23 of 3rd period - Wrist shot by Matt Stajan.
14:23 of 3rd period - Shot Blocked by Francis Bouillon.
14:25 of 3rd period - Snap shot by Keith Tkachuk.
14:25 of 3rd period - Deflect By Jonas Hoglund.
14:25 of 3rd period - Shot Misses the Net.
14:25 of 3rd period - Puck is out of play.
14:26 of 3rd period - Nik Antropov wins face-off versus Keith Tkachuk in Kings zone.
14:38 of 3rd period - Off-side.
14:39 of 3rd period - Jonas Hoglund wins face-off versus Anze Kopitar in neutral zone.
14:42 of 3rd period - Slapshot by Scott Niedermayer.
14:42 of 3rd period - Stopped by Jimmy Howard with a rebound.
14:48 of 3rd period - Snap shot by Jonas Hoglund.
14:48 of 3rd period - Shot Blocked by Ryan Whitney.
14:53 of 3rd period - Ryan Whitney is hit by Scott Niedermayer and loses puck.
15:16 of 3rd period - Snap shot by Keith Tkachuk.
15:16 of 3rd period - Shot Misses the Net.
15:36 of 3rd period - Slapshot by Nik Antropov.
15:36 of 3rd period - Shot Misses the Net.
15:38 of 3rd period - Snap shot by Bryan McCabe.
15:38 of 3rd period - Shot Blocked by Sheldon Keefe.
15:47 of 3rd period - Off-side.
15:48 of 3rd period - Anze Kopitar wins face-off versus Jiri Hudler in neutral zone.
16:01 of 3rd period - Wrist shot by Alexei Morozov.
16:01 of 3rd period - Stopped by Carey Price without a rebound.
16:02 of 3rd period - Rickard Wallin wins face-off versus Mike Ricci in Canucks zone.
16:02 of 3rd period - Rickard Wallin is hit by Ryan Whitney.
16:14 of 3rd period - Snap shot by Sheldon Keefe.
16:14 of 3rd period - Shot Misses the Net.
16:16 of 3rd period - Slapshot by Craig Rivet.
16:16 of 3rd period - Deflect By Mike Ricci.
16:16 of 3rd period - Stopped by Jimmy Howard with a rebound.
16:28 of 3rd period - Matt Stajan is hit by Nik Antropov and loses puck.
16:32 of 3rd period - Minor Penalty to Dustin Brown for Charging.
16:33 of 3rd period - Blake Wheeler wins face-off versus Matt Stajan in Kings zone.
17:12 of 3rd period - Wrist shot by Fabian Brunnstrom.
17:12 of 3rd period - Shot Misses the Net.
17:52 of 3rd period - Fabian Brunnstrom is hit by Anze Kopitar and loses puck.
17:59 of 3rd period - Nicklas Lidstrom is hit by Derian Hatcher and loses puck.
18:32 of 3rd period - Penalty to Dustin Brown is over, Dustin Brown is back on ice.
18:53 of 3rd period - Snap shot by Keith Tkachuk.
18:53 of 3rd period - Shot Blocked by Francis Bouillon.
18:55 of 3rd period - Wrist shot by Matt Stajan.
18:55 of 3rd period - Goal by Matt Stajan - Kings : 2 - Canucks : 2.
18:56 of 3rd period - Rickard Wallin wins face-off versus Mike Ricci in neutral zone.
19:01 of 3rd period - Slapshot by Rickard Wallin.
19:01 of 3rd period - Deflect By Blake Wheeler.
19:01 of 3rd period - Goal by Rickard Wallin - Kings : 2 - Canucks : 3.
19:02 of 3rd period - Matt Stajan wins face-off versus Anze Kopitar in neutral zone.
19:18 of 3rd period - Wrist shot by Matt Stajan.
19:18 of 3rd period - Stopped by Jimmy Howard without a rebound.
19:19 of 3rd period - Paul Maurice call a timeout for Kings.
19:19 of 3rd period - Anze Kopitar wins face-off versus Matt Stajan in Kings zone.
19:34 of 3rd period - Wrist shot by Scott Niedermayer.
19:34 of 3rd period - Shot Blocked by Nicklas Lidstrom.
19:36 of 3rd period - Slapshot by Scott Niedermayer.
19:36 of 3rd period - Shot Misses the Net.
19:38 of 3rd period - Wrist shot by Keith Tkachuk.
19:38 of 3rd period - Shot Misses the Net.
19:50 of 3rd period - Snap shot by Keith Tkachuk.
19:50 of 3rd period - Stopped by Jimmy Howard with a rebound.
19:52 of 3rd period - Wrist shot by Mark Streit.
19:52 of 3rd period - Shot Blocked by Anze Kopitar.
19:54 of 3rd period - Snap shot by Scott Niedermayer.
19:54 of 3rd period - Shot Misses the Net.
Output by the SimonT Hockey Simulator (STHS) for François Prévost -- Original Page W3C XHTML 1.0 Valid